Map: Backwater LE

Players

Krr - Winner!

  • Race: Protoss Protoss
  • Spawn Location: 11:00

puCK (Nina)

  • Race: Protoss Protoss
  • Spawn Location: 5:00

Event: IEM Season 12 - Katowice

VOD

Have the link to the VOD?

Description

Time

  • Played on: Feb. 26, 2018, 6:16 a.m.
  • Length: 10:04

All games in this series

Show
View Real Time Build Order
Export as new Build Order

Krr Protoss - Winner!

Build Orders: Phoenix Opening 

Get SALT Encoding   

  12  0:00  Probe  
  13  0:12  Probe  
  14  0:18  Pylon  
  14  0:25  Probe (Chrono Boost)  
  15  0:37  Probe (Chrono Boost)  
  15  0:40  Gateway  
  16  0:45  Probe (Chrono Boost)  
  16  0:46  Assimilator  
  17  0:51  Probe (Chrono Boost)  
  17  0:54  Assimilator  
  18  1:03  Probe (Chrono Boost)  
  19  1:11  Probe (Chrono Boost)  
  20  1:13  Gateway  
  20  1:17  Probe  
  21  1:28  Cybernetics Core  
  21  1:29  Probe  
  22  1:35  Pylon  
  22  1:41  Probe  
  23  1:53  Probe  
  24  2:05  Warp Gate, Sentry, Stalker  
  24  2:06  Probe  
  29  2:12  Pylon  
  29  2:29  Stargate  
  29  2:30  Pylon  
  29  2:43  Stalker x2  
  32  3:02  Probe  
  33  3:16  Nexus  
  33  3:19  Phoenix (Chrono Boost)  
  35  3:33  Pylon  
  35  3:37  Phoenix (Chrono Boost)  
  35  3:38  Probe  
  38  3:50  Probe  
  38  3:55  Shield Battery  
  39  3:58  Phoenix (Chrono Boost)  
  41  4:04  Probe  
  42  4:16  Probe  
  41  4:21  Phoenix (Chrono Boost)  
  40  4:26  Stalker x2  
  40  4:28  Probe  
  40  4:30  Probe  
  46  4:39  Phoenix  
  46  4:40  Probe  
  46  4:44  Probe  
  50  4:52  Probe  
  51  4:54  Shield Battery  
  51  4:56  Probe  
  52  5:04  Probe  
  52  5:06  Phoenix  
  55  5:08  Probe  
  56  5:17  Probe  
  56  5:20  Stalker  
  56  5:21  Stalker  
  61  5:24  Shield Battery  
  60  5:33  Probe x2  
  61  5:44  Robotics Facility  
  61  5:45  Probe  
  61  5:49  Pylon  
  62  5:57  Pylon  
  62  5:58  Forge  
  62  6:07  Probe (Chrono Boost)  
  62  6:08  Probe (Chrono Boost)  
  64  6:12  Assimilator x2  
  64  6:18  Probe (Chrono Boost)  
  64  6:19  Probe (Chrono Boost)  
  64  6:24  Probe (Chrono Boost)  
  63  6:25  Probe (Chrono Boost)  
  63  6:27  Protoss Ground Weapons Level 1 (Chrono Boost)  
  63  6:29  Nexus  
  63  6:32  Observer (Chrono Boost)  
  65  6:33  Probe  
  65  6:36  Probe  
  67  6:45  Probe  
  67  6:46  Immortal (Chrono Boost)  
  68  6:48  Probe  
  73  6:56  Twilight Council  
  73  6:57  Probe  
  73  7:00  Probe  
  73  7:01  Pylon  
  75  7:05  Pylon  
  75  7:09  Probe  
  75  7:12  Probe  
  77  7:19  Immortal (Chrono Boost)  
  77  7:21  Probe  
  82  7:25  Probe  
  82  7:29  Pylon  
  83  7:33  Charge  
  83  7:34  Templar Archives  
  83  7:50  Gateway  
  83  7:51  Gateway  
  81  7:54  Gateway x2  
  81  7:57  Gateway  
  81  8:00  Gateway  
  81  8:03  Gateway  
  81  8:06  Gateway  
  81  8:07  Protoss Ground Weapons Level 2 (Chrono Boost)  
  81  8:11  Warp Prism  
  83  8:14  High Templar x2  
  87  8:20  Archon  
  87  8:25  Pylon x2  
  87  8:35  Pylon  
  87  8:37  Pylon  
  87  8:46  Zealot x2, High Templar x2  
  95  8:50  Archon  
  95  8:51  Zealot x2  
  95  8:52  Observer (Chrono Boost)  
  95  8:55  Zealot x2  
  104  9:07  High Templar  
  106  9:10  Zealot x2, High Templar  
  106  9:11  Zealot x2  
  106  9:14  Archon  
  116  9:17  Pylon  
  116  9:18  Zealot x3  
  116  9:19  Zealot  
  116  9:20  Observer  
  125  9:34  Zealot x4  
  133  9:39  Zealot x4  
  133  9:45  Zealot x2  
  113  9:54  Zealot x3  
  113  9:59  Zealot x3  
  113  10:00  Zealot x2  
Show
View Real Time Build Order
Export as new Build Order

puCK Protoss 

Build Orders: Oracle Opening 

Get SALT Encoding   

  12  0:00  Probe  
  13  0:13  Probe  
  14  0:17  Pylon  
  14  0:25  Probe (Chrono Boost)  
  15  0:37  Probe (Chrono Boost)  
  15  0:38  Gateway  
  16  0:44  Probe (Chrono Boost)  
  16  0:46  Assimilator  
  17  0:51  Probe (Chrono Boost)  
  17  0:54  Assimilator  
  18  1:03  Probe (Chrono Boost)  
  19  1:08  Gateway  
  19  1:12  Probe (Chrono Boost)  
  20  1:18  Probe  
  21  1:25  Cybernetics Core  
  21  1:30  Probe  
  22  1:37  Pylon  
  22  1:42  Probe  
  23  1:57  Probe  
  23  2:00  Warp Gate (Chrono Boost)  
  24  2:05  Adept x2  
  24  2:08  Pylon  
  28  2:27  Stargate  
  28  2:32  Stalker  
  28  2:35  Stalker  
  32  2:50  Gateway  
  32  2:57  Shield Battery  
  32  3:04  Stalker  
  34  3:12  Stalker  
  36  3:14  Oracle (Chrono Boost)  
  38  3:42  Nexus  
  38  3:50  Pylon  
  38  3:56  Probe  
  37  4:12  Oracle (Chrono Boost)  
  37  4:14  Probe  
  41  4:22  Stalker x2  
  42  4:29  Stalker  
  44  4:32  Probe  
  43  4:44  Probe  
  42  4:49  Stalker  
  42  4:54  Stalker  
  42  4:56  Shield Battery  
  44  5:03  Probe x2 (Chrono Boost)  
  46  5:10  Sentry  
  50  5:14  Probe (Chrono Boost)  
  50  5:16  Probe (Chrono Boost)  
  50  5:19  Probe (Chrono Boost)  
  48  5:24  Probe  
  49  5:30  Probe (Chrono Boost)  
  49  5:33  Stalker  
  49  5:35  Stalker  
  51  5:36  Probe (Chrono Boost)  
  53  5:44  Stalker  
  53  5:48  Probe x2 (Chrono Boost)  
  56  5:53  Probe (Chrono Boost)  
  56  5:54  Probe (Chrono Boost)  
  56  5:55  Twilight Council  
  58  6:03  Probe  
  59  6:06  Probe, Pylon  
  59  6:11  Stalker  
  62  6:17  Probe (Chrono Boost)  
  58  6:20  Probe (Chrono Boost)  
  57  6:29  Probe (Chrono Boost)  
  57  6:32  Probe (Chrono Boost)  
  59  6:39  Probe (Chrono Boost)  
  60  6:41  Probe (Chrono Boost)  
  60  6:53  Probe, Nexus  
  60  6:54  Pylon  
  61  6:55  Charge  
  61  6:58  Probe  
  61  7:01  Forge  
  62  7:05  Probe, Assimilator x2  
  62  7:07  Pylon  
  63  7:11  Probe  
  64  7:16  Templar Archives  
  64  7:18  Probe  
  65  7:23  Probe  
  66  7:30  Protoss Ground Weapons Level 1 (Chrono Boost), Robotics Facility  
  66  7:31  Probe  
  67  7:42  Gateway  
  67  7:43  Probe  
  68  7:46  Probe, Gateway  
  68  7:51  Gateway  
  69  7:55  Probe  
  69  7:58  Gateway  
  70  8:03  Gateway  
  70  8:06  Probe  
  70  8:08  Probe  
  70  8:09  Probe  
  70  8:11  High Templar  
  70  8:12  High Templar  
  77  8:14  High Templar  
  77  8:19  Probe  
  80  8:22  Probe x2  
  80  8:26  Observer (Chrono Boost)  
  81  8:34  Pylon  
  81  8:36  Pylon  
  82  8:45  Photon Cannon  
  82  8:47  Probe x2  
  82  8:48  High Templar x2  
  85  8:49  Zealot x3  
  85  8:50  Probe  
  85  8:53  Archon  
  94  8:56  Pylon  
  94  8:59  High Templar  
  94  9:02  Pylon  
  96  9:04  Archon  
  96  9:06  Photon Cannon  
  96  9:07  Archon  
  96  9:12  Zealot x3  
  96  9:14  Observer (Chrono Boost)  
  103  9:17  Zealot x2  
  103  9:21  Photon Cannon  
  107  9:28  Zealot x2  
  109  9:32  Zealot  
  109  9:33  Zealot x2  
  109  9:37  High Templar x2  
  109  9:38  Zealot  
  121  9:42  Archon  
  100  9:48  Zealot x3  
  88  9:52  Zealot  
  88  9:53  Zealot  
  88  9:59  Zealot  

Tags
 
Add a new tag
Caveats
  • Supply blocks, unpowered buildings, or Contaminate may cause inaccurate times.
  • Supply counts are checked every 10 seconds.